AoeStats
← mbrdgrs6

Arabian Desert

510857120Analyzed
1v1 RM · 12h ago on Oct 2, 2026· 49m 52s· 2 players
Game mode
Random Map
Map size
Tiny (2 player)
Population
200
Speed
Normal
Resources
Standard
Victory
Conquest
Starting age
Dark Age
Ending age
Imperial Age
RankedLock teamsTeams togetherTeam positionsShared explorationLock speedFull tech treeHidden civsTurbo modeCheats
Victory
Defeat
🇺🇸 Ethiopians · United States
1190
+15
🇦🇷 Varangians · Argentina
1177
-15
josecai3314
0:44 Loom
10:03 Feudal Age
14:44 Castle Age
19:47 Scale Barding Armor
25:18 Double-Bit Axe
25:24 Gold Mining
29:06 Forging
39:11 Imperial Age
41:40 Horse Collar
44:02 Onager
46:55 Iron Casting
mbrdgrs6
6:59 Loom
9:28 Feudal Age
10:23 Double-Bit Axe
13:33 Fletching
19:29 Castle Age
17:54 Horse Collar
20:29 Bow Saw
21:43 Elite Skirmisher
27:32 Ballistics
29:27 Heavy Plow
38:16 Imperial Age
37:48 Wheelbarrow
38:36 Crossbowman
41:48 Chemistry
41:25 Bodkin Arrow
41:31 Padded Archer Armor
43:15 Arbalester
44:50 Bracer
45:05 Leather Archer Armor
46:28 Two-Man Saw
47:39 Siege Engineers
Connection lost

Rejoining the realm…

Still unreachable

The connection could not be restored.

Session expired

The server has moved on; the page needs a fresh start.